 Dungeon Crawl Stone Soup version 0.19.1-1-g22dce08 (webtiles) character file.

102 McKennaii the Gusty (level 4, 0/27 HPs)
             Began as a High Elf Air Elementalist on Jan 7, 2017.
             Slain by Sigmund
             ... wielding a +0 scythe
              (10 damage)
             ... on level 3 of the Dungeon.
             The game lasted 00:08:36 (2005 turns).

McKennaii the Gusty (High Elf Air Elementalist)     Turns: 2005, Time: 00:08:36

Health: 0/27       AC:  3    Str:  7    XL:     4   Next: 50%
Magic:  1/10       EV: 16    Int: 20    God:
Gold:   168        SH:  0    Dex: 15    Spells: 3 memorised, 5 levels left

rFire  . . .     SeeInvis .     (no weapon)
rCold  . . .     Gourm    .     a - +0 robe
rNeg   . . .     Faith    .     (no shield)
rPois  .         Spirit   .     e - +1 hat
rElec  .         Reflect  .     (no cloak)
rCorr  .         Harm     .     (no gloves)
MR     .....                    (no boots)
Stlth  ++........               (no amulet)
                                (no ring)
                                d - +3 ring of evasion

@: no status effects
A: no striking features
a: no special abilities


You were on level 3 of the Dungeon.
You were not hungry.

You visited 1 branch of the dungeon, and saw 3 of its levels.

You collected 168 gold pieces.

Inventory:

Armour
 a - a +0 robe (worn)
 e - a +1 hat (worn)
Jewellery
 d - a +3 ring of evasion (left hand)
 l - an uncursed amulet of guardian spirit {unknown}
Scrolls
 h - a scroll of fog {unknown}
 i - 3 scrolls of identify {unknown}
 k - 2 scrolls of remove curse {unknown}
 n - a scroll of enchant armour {unknown}
 o - a scroll of recharging {unknown}
Potions
 f - a potion of heal wounds {unknown}
 g - a potion of curing {unknown}
 j - a potion of agility {unknown}
Books
 b - a book of Air

   Spells                             Type                      Level
   a - Shock                          Conjuration/Air              1
   b - Swiftness                      Charms/Air                   2
   c - Repel Missiles                 Charms/Air                   2
   d - Static Discharge               Conjuration/Air              3
   e - Lightning Bolt                 Conjuration/Air              5
Comestibles
 c - 3 bread rations
 m - a beef jerky


   Skills:
 + Level 0.2 Fighting
 + Level 2.5 Dodging
 + Level 2.2 Stealth
 + Level 0.7 Unarmed Combat
 + Level 3.5 Spellcasting
 + Level 2.3 Conjurations
 + Level 4.5 Air Magic


You had 5 spell levels left.
You knew the following spells:

 Your Spells              Type           Power        Failure   Level  Hunger
a - Shock                 Conj/Air       ###.         3%          1    None
b - Swiftness             Chrm/Air       ##......     10%         2    ##.....
c - Repel Missiles        Chrm/Air       ##....       10%         2    ##.....


Dungeon Overview and Level Annotations

Branches:
Dungeon (3/15)

Altars:
Cheibriados
Dithmenos
Kikubaaqudgha
Nemelex Xobeh
Trog
Uskayaw
Xom
Zin

Annotations:
D:3 Sigmund


Message History

Sigmund points at you and mumbles some strange words.
The magic dart hits you!
Casting: Shock
Confirm with . or Enter, or press ? or * to list all spells.
Aiming: Shock
Press: ? - help, Shift-Dir - straight line, f/p - Sigmund
Aim: Sigmund, wielding a scythe and wearing a robe (heavily wounded)
The zap misses Sigmund.
Sigmund says, "Now you see me, now you don't..."
Sigmund casts a spell at you. The puff of flame misses you.
Casting: Shock
Confirm with . or Enter, or press ? or * to list all spells.
Aiming: Shock
Press: ? - help, Shift-Dir - straight line, f/p - Sigmund
Aim: Sigmund, wielding a scythe and wearing a robe (heavily wounded)
The zap hits Sigmund.
Sigmund is heavily wounded.
Sigmund hits you from afar with a scythe!
You die...

## ########## .##
#........# ..##
#........####...##.#
#.........@)........
#.......@#######....
#.......># .
#........###
#..........##
#.............
#..............
#..............
####.).........
####..............


You could see Sigmund.

Vanquished Creatures
  An orc wizard (D:3)
  3 adders (D:2)
  2 worms
  A dart slug (D:3)
  A leopard gecko (D:1)
  4 orcs (D:3)
  2 giant cockroaches (D:3)
  4 goblins
  2 hobgoblins
  2 jackals (D:1)
  3 kobolds
  6 bats
  A frilled lizard (D:2)
  3 rats
35 creatures vanquished.

Notes
Turn   | Place    | Note
-------+----------+-------------------------------------------
     0 | D:1      | McKennaii the High Elf Air Elementalist began the quest for the Orb.
     0 | D:1      | Reached XP level 1. HP: 11/11 MP: 4/4
   573 | D:1      | Reached XP level 2. HP: 17/17 MP: 4/6
   577 | D:1      | Learned a level 2 spell: Swiftness
   580 | D:1      | Learned a level 2 spell: Repel Missiles
   966 | D:2      | Reached skill level 4 in Air Magic
  1353 | D:2      | Reached XP level 3. HP: 10/21 MP: 2/8
  1757 | D:3      | Found an ancient bone altar of Kikubaaqudgha.
  1759 | D:3      | Found a sparkling altar of Nemelex Xobeh.
  1762 | D:3      | Found a hide-covered altar of Uskayaw.
  1763 | D:3      | Found a bloodstained altar of Trog.
  1764 | D:3      | Found a glowing silver altar of Zin.
  1764 | D:3      | Found a shimmering altar of Xom.
  1764 | D:3      | Found a snail-covered altar of Cheibriados.
  1765 | D:3      | Found a shadowy altar of Dithmenos.
  1863 | D:3      | Noticed Sigmund
  1926 | D:3      | Reached XP level 4. HP: 27/27 MP: 4/10
  2005 | D:3      | Slain by Sigmund

Skill      XL: |  1  2  3 |
---------------+----------+-----
Air Magic      | 4 |  4.5
Spellcasting   | 3 |  3.5
Conjurations   | 2 |  2.3
Fighting       | |  0.2
Dodging        | |  2.5
Stealth        | |  2.2
Unarmed Combat | |  0.7

Action                   |  1- 3 |  4- 6 || total
-------------------------+-------+-------++-------
Melee: Unarmed           |    27 |       ||    27
 Cast: Shock             |    90 |    12 ||   102
  Eat: Pizza             |     1 |       ||     1
       Beef jerky        |     1 |       ||     1
Armor: Robe              |     4 |     1 ||     5
Dodge: Dodged            |    37 |     7 ||    44
